 Dungeon Crawl Stone Soup version 0.27.1-34-g3ba077fa99 (webtiles) character file.

Game seed: 6409880689217490286

119 Extell the Conjurer (level 5, 0/35 HPs)
             Began as a Human Conjurer on Jan 24, 2022.
             Was a Believer of Dithmenos.
             Succumbed to an adder's poison
             ... on level 3 of the Dungeon.
             The game lasted 00:22:28 (2703 turns).

Extell the Conjurer (Human Conjurer)                Turns: 2703, Time: 00:22:29

Health: 0/35       AC:  2    Str:  7    XL:     5   Next: 23%
Magic:  6/9        EV: 12    Int: 19    God:    Dithmenos [**....]
Gold:   160        SH:  0    Dex: 12    Spells: 5/9 levels left

rFire    . . .     SeeInvis +   e - staff of cold
rCold    + . .     Faith    .   (no shield)
rNeg     . . .     Spirit   .   a - +0 robe
rPois    .         Reflect  .   (no helmet)
rElec    .         Harm     .   (no cloak)
rCorr    .         Rampage  .   (no gloves)
Will     .....                  (no boots)
Stlth    ++........             (no amulet)
HPRegen  0.11/turn              g - ring of see invisible
MPRegen  0.11/turn              (no ring)

@: lethally poisoned (0 -> -5), slowed, wreathed by umbra, very slow
A: no striking features
a: Renounce Religion, Shadow Step


You were on level 3 of the Dungeon.
You worshipped Dithmenos.
Dithmenos was pleased with you.
You visited 1 branch of the dungeon, and saw 3 of its levels.

You collected 160 gold pieces.

Inventory:

Hand Weapons
 c - a +0 dagger
Armour
 a - a +0 robe (worn)
Magical Staves
 e - a staff of cold (weapon)
Jewellery
 g - a ring of see invisible (left hand)
Wands
 j - a wand of flame (10)
Scrolls
 b - a scroll of noise {unknown}
 f - 2 scrolls of identify {unknown}
 h - a scroll of magic mapping {unknown}
 i - 2 scrolls of enchant weapon {unknown}
Potions
 d - a potion of heal wounds {unknown}
 k - a potion of curing {unknown}
 l - a potion of might {unknown}
 m - 2 potions of degeneration {unknown}


   Skills:
 + Level 2.4 Dodging
 + Level 2.4 Stealth
 + Level 2.9 Spellcasting
 + Level 4.9 Conjurations
 + Level 1.2 Summonings


You had 5 spell levels left.
You knew the following spells:

 Your Spells              Type           Power      Damage    Failure   Level
a - Magic Dart            Conj           84%        1d7       1%          1
b - Summon Small Mammal   Summ           28%        N/A       9%          1
c - Searing Ray           Conj           42%        3d4       3%          2

Your spell library contained the following spells:

 Spells                   Type           Power      Damage    Failure   Level
 Foxfire                  Conj/Fire      48%        2x1d6     5%          1
 Animate Skeleton         Necr           4%         N/A       16%         1
 Apportation              Tloc           4%         N/A       16%         1
 Corona                   Hex            2%         N/A       16%         1
 Dazzling Flash           Conj/Hex       24%        N/A       17%         3
 Fulminant Prism          Conj/Hex       6%         3d7       50%         4
 Iskenderun's Mystic Bla  Conj/Tloc      12%        2d5       50%         4


Dungeon Overview and Level Annotations

Branches:
Dungeon (3/15)

Altars:
Dithmenos

Annotations:
D:3 Natasha


Message History

Your bat closely misses Natasha.
Your rat bites Natasha.
The bat hits your rat.
Natasha mumbles some strange words.
You feel troubled. The adder bites your rat.
Your rat dies!
Your rat's corpse disappears in a puff of smoke!
Casting: Summon Small Mammal (safe; 9% risk of failure)
Confirm with . or Enter, or press ? or * to list all spells.
Your bat closely misses Natasha.
Natasha claws you!
* * * LOW HITPOINT WARNING * * *
The bat hits you but does no damage. The hobgoblin hits your bat.
Your bat closely misses the hobgoblin.
The bat misses you.
Your rat barely misses Natasha.
Natasha barely misses you.
Your bat barely misses the hobgoblin.
Your bat hits the hobgoblin but does no damage.
The bat barely misses you.
Your bat hits the hobgoblin but does no damage. x2
The hobgoblin closely misses your bat.
Your rat closely misses Natasha.
Your bat hits the hobgoblin but does no damage.
The hobgoblin barely misses your bat.
Your rat closely misses the adder.
You completely miss the bat.
Your bat hits the hobgoblin but does no damage.
The bat barely misses you.
Your bat barely misses the hobgoblin.
Natasha barely misses you. The frilled lizard bites your rat.
The adder misses you.
Your bat barely misses the hobgoblin.
Natasha growls.
Natasha claws you.
* * * LOW HITPOINT WARNING * * *
The bat barely misses you. The adder bites you but does no damage.
Your rat barely misses Natasha.
Your bat hits the hobgoblin but does no damage.
Natasha claws you.
* * * LOW HITPOINT WARNING * * *
The frilled lizard closely misses your rat.
The adder bites you.
* * * LOW HITPOINT WARNING * * *
You are lethally poisoned!
The adder poisons you! The bat closely misses you.
Your rat closely misses Natasha.
Natasha barely misses you.
You die...

######.# #....>.# #......#
#....<.# #.....##
##########.lb..#
#...........r..#
#.########.Sh..###### #
#.........gb.@....... .
#..#############.#############
#..# .#...........# #..# #.#
#.####.####.# #..# #.#
#.#....# #..####.#.# #.#.####
#....)..#.# #.#.....
#..######.#############.######
#.............................


You could see Natasha (ally target), an adder, a hobgoblin (ally target), a bat,
a frilled lizard, a friendly bat (summoned) and a friendly rat (summoned).

Vanquished Creatures
  Jessica (D:2)
  3 adders
  A worm (D:2)
  A dart slug (D:3)
  3 ball pythons
  4 bats
  2 endoplasms
  A giant cockroach (D:2)
  7 goblins
  5 hobgoblins
  3 kobolds
  3 frilled lizards
  3 rats
37 creatures vanquished.

Vanquished Creatures (collateral kills)
  An iguana (D:2)
  An orc (D:3)
  2 endoplasms
  3 ball pythons
  A frilled lizard (D:1)
8 creatures vanquished.

Vanquished Creatures (others)
  A fungus (D:1)
  A plant (D:1)
2 creatures vanquished.

Grand Total: 47 creatures vanquished

Notes
Turn   | Place    | Note
-------+----------+-------------------------------------------
     0 | D:1      | Extell the Human Conjurer began the quest for the Orb.
     0 | D:1      | Reached XP level 1. HP: 13/13 MP: 3/3
   217 | D:1      | Reached XP level 2. HP: 19/19 MP: 1/5
   301 | D:1      | Learned a level 1 spell: Summon Small Mammal
   308 | D:1      | Learned a level 2 spell: Searing Ray
   727 | D:1      | Found a faded altar of an unknown god.
   812 | D:1      | Got Plato's Guide on the Arsonist
   815 | D:1      | Became a worshipper of Dithmenos the Shadowed
   815 | D:1      | Reached * piety under Dithmenos
   932 | D:2      | Reached XP level 3. HP: 24/24 MP: 2/6
  2155 | D:2      | Noticed Jessica
  2169 | D:2      | Killed Jessica
  2170 | D:2      | Reached skill level 1 in Summonings
  2170 | D:2      | Reached XP level 4. HP: 22/30 MP: 1/7
  2337 | D:3      | Reached ** piety under Dithmenos
  2352 | D:3      | Reached XP level 5. HP: 35/35 MP: 4/9
  2674 | D:3      | Noticed Natasha
  2703 | D:3      | Succumbed to an adder's poison

Illustrated notes

Levels and vault maps discovered:
D:1:      mrwooster_arrival_arrow, layout_loops_ring,
          shapermc_ecumenical_altar_rom_forum, minmay_3d_cube
D:2:      layout_basic, minmay_split_cup_large, uniq_jessica
D:3:      layout_rooms, serial_shops, nicolae_diamond_shop, st_stairs_1,
          roderic_lattice_a, uniq_natasha

Skill      XL: |  1  2  3 |
---------------+----------+-----
Summonings     | 1 |  1.2
Dodging        | |  2.4
Stealth        | |  2.4
Spellcasting   | |  2.9
Conjurations   | |  4.9

Action                   |  1- 3 |  4- 6 || total
-------------------------+-------+-------++-------
Melee: Staff             |     6 |     2 ||     8
 Cast: Magic Dart        |    68 |    17 ||    85
       Summon Small Mamm |    14 |    14 ||    28
       Searing Ray       |     2 |       ||     2
Armor: Robe              |     2 |     2 ||     4
Dodge: Dodged            |    17 |    11 ||    28
